 Dungeon Crawl Stone Soup version 0.23.1 (webtiles) character file.

Game seed: 850797708995468232

133 night the Covert (level 4, -8/21 HPs)
             Began as a Spriggan Air Elementalist on Mar 14, 2019.
             Killed by divine providence
             ... invoked by an orc priest
              (12 damage)
             ... on level 3 of the Dungeon.
             The game lasted 00:07:38 (3327 turns).

night the Covert (Spriggan Air Elementalist)        Turns: 3327, Time: 00:07:39

Health: -8/21      AC:  2    Str:  4    XL:     4   Next: 93%
Magic:  6/18       EV: 18    Int: 17    God:
Gold:   130        SH:  0    Dex: 16    Spells: 7/8 levels left

rFire    + . .     SeeInvis +   s - +2 hand axe (flame)
rCold    x . .     Gourm    .   (shield restricted)
rNeg     . . .     Faith    .   a - +0 robe
rPois    .         Spirit   .   (helmet restricted)
rElec    .         Reflect  .   (no cloak)
rCorr    .         Harm     .   (gloves unavailable)
MR       .....                  (boots unavailable)
Stlth    ++++......             (no amulet)
HPRegen  0.07/turn              b - ring of fire
MPRegen  0.16/turn              d - ring of magical power

@: very slightly contaminated, very quick
A: very small, unfitting armour, see invisible, herbivore, speed 3, slow
metabolism 2
a: no special abilities


You were on level 3 of the Dungeon.
You were hungry.

You visited 1 branch of the dungeon, and saw 3 of its levels.

You collected 130 gold pieces.

Inventory:

Hand Weapons
 f - a +0 dagger
 r - a +0 scimitar
 s - a +2 hand axe of flaming (weapon)
Armour
 a - a +0 robe (worn)
Jewellery
 b - a ring of fire (left hand)
 d - a ring of magical power (right hand)
 n - a +2 ring of intelligence {unknown}
 u - an uncursed amulet of harm {unknown}
Scrolls
 e - a scroll of enchant weapon {unknown}
 g - a scroll of magic mapping {unknown}
 h - 7 scrolls of remove curse {unknown}
 i - 4 scrolls of teleportation {unknown}
 j - a scroll of identify {unknown}
 q - a scroll of fear {unknown}
 t - a scroll of amnesia {unknown}
 v - a scroll of random uselessness {unknown}
Potions
 k - a potion of heal wounds {unknown}
 l - a potion of brilliance {unknown}
 m - a potion of flight {unknown}
 o - a potion of haste {unknown}
 p - a potion of curing {unknown}
 w - a potion of degeneration {unknown}
Comestibles
 c - 4 rations


   Skills:
 - Level 3.0 Dodging
 + Level 8.1 Stealth
 - Level 2.6 Spellcasting
 - Level 0.6 Conjurations
 - Level 2.6 Air Magic


You had 7 spell levels left.
You knew the following spells:

 Your Spells              Type           Power        Failure   Level  Hunger
a - Shock                 Conj/Air       #...         10%         1    #......

Your spell library contained the following spells:

 Spells                   Type           Power        Failure   Level  Hunger
 Swiftness                Chrm/Air       #.......     16%         2    ##.....
 Static Discharge         Conj/Air       #.......     28%         3    ###....
 Airstrike                Air            ##........   52%         4    #####..
 Lightning Bolt           Conj/Air       #.........   95%         5    ######.


Dungeon Overview and Level Annotations

Branches:
Dungeon (3/15)

Altars:
Makhleb
Zin
The Shining One


Innate Abilities, Weirdness & Mutations

You are very small and have problems with some larger weapons.
You are too small for most types of armour.
You have supernaturally acute eyesight. (SInv)
You are a herbivore.
You cover ground extremely quickly.
You need to consume almost no food.


Message History

The orc priest misses you. x2
You hit the orc priest. You burn the orc priest.
The orc priest is heavily wounded.
The orc priest hits you with a +0 short sword.
* * * LOW HITPOINT WARNING * * *
You hit the orc priest. You burn the orc priest.
The orc priest is almost dead.
The orc priest completely misses you.
Casting: Shock (safe; 10% risk of failure)
Confirm with . or Enter, or press ? or * to list all spells.
Aiming: Shock (safe; 10% risk of failure)
Press: ? - help, Shift-Dir - straight line, f/p - orc priest
Aim: an orc priest, wielding a +0 short sword and wearing a +0 ring mail (almost dead)
You miscast Shock.
You are very lightly contaminated with residual magic.
The air around you crackles with energy!
The orc priest calls down the wrath of Beogh upon you.
Beogh smites you!
Ouch! That really hurt!
You die...

#.# #....##....'..#.#.
#.####....##....##.#.#.
#.#..'....'......#.#.#.
#.####....###....#.#.#.
#...>............#.....
#.##################.....
#........................
########......#....##....
......'@.....+.....+....
..<####o.....#....##....
#.. #)........####....
#...####.........# #....
#.......).......†####....
#........####............
#........# #............
#######....##.....>..####
#.$..##....########


You could see an orc priest.

Vanquished Creatures
  An orc priest (D:3)
  2 adders
  An ooze (D:1)
  A worm (D:3)
  A dart slug (D:1)
  2 leopard geckos (D:1)
  9 orcs (D:3)
  A giant cockroach (D:1)
  9 goblins
  11 hobgoblins
  4 kobolds
  5 ball pythons
  10 bats
  A frilled lizard (D:2)
  5 rats
63 creatures vanquished.

Notes
Turn   | Place    | Note
-------+----------+-------------------------------------------
     0 | D:1      | night the Spriggan Air Elementalist began the quest for the
                  | Orb.
     0 | D:1      | Reached XP level 1. HP: 9/9 MP: 5/5
   289 | D:1      | Reached skill level 4 in Stealth
   487 | D:1      | Reached XP level 2. HP: 13/13 MP: 6/6
   679 | D:1      | Reached skill level 5 in Stealth
   891 | D:1      | Reached XP level 3. HP: 15/16 MP: 2/8
  1593 | D:2      | Reached skill level 6 in Stealth
  2072 | D:2      | Found a burning altar of Makhleb.
  2116 | D:2      | Found a glowing golden altar of the Shining One.
  2283 | D:3      | Found a glowing silver altar of Zin.
  2304 | D:3      | Reached skill level 7 in Stealth
  2304 | D:3      | Reached XP level 4. HP: 5/21 MP: 7/9
  3052 | D:3      | Reached skill level 8 in Stealth
  3327 | D:3      | Killed from afar by an orc priest

Skill      XL: |  1  2  3  4 |
---------------+-------------+-----
Stealth        | 4 5 7 8 |  8.1
Dodging        | |  3.0
Spellcasting   | |  2.6
Conjurations   | |  0.6
Air Magic      | |  2.6

Action                   |  1- 3 |  4- 6 || total
-------------------------+-------+-------++-------
Melee: Unarmed           |     8 |       ||     8
       Dagger            |     9 |       ||     9
       Hand axe          |       |    28 ||    28
 Cast: Shock             |   105 |    48 ||   153
 Stab: Sleeping          |     1 |     1 ||     2
Armor: Robe              |     6 |       ||     6
Dodge: Dodged            |    39 |    29 ||    68
